Knights vs Senators
Created - February 5, 2020 at 19:13
Goals
|
Knights |
2 |
2 |
2 |
0 |
3 |
7 |
Senators |
2 |
1 |
3 |
0 |
2 |
6 |
|
Shots
|
Knights |
8 |
7 |
14 |
4 |
4 |
33 |
Senators |
15 |
10 |
11 |
3 |
4 |
39 |
|
1st period
1. Knights , Miro Aaltonen 17 (Jaccob Slavin 24) at 6:35
2. Senators , Andy Andreoff 10 (Keegan Lowe 15, Chandler Stephenson 20) at 14:44
3. Senators , Matt Frattin 32 (Jan Mursak 12, Tomas Jurco 15) at 19:00
4. Knights , Ryan Strome 14 (Miro Aaltonen 24, Josh Morrissey 8) at 19:37
Penalties :
Keegan Lowe (BIN) for Roughing (Minor) at 0:21, Josh Morrissey (Lon) for Hooking (Minor) at 8:25
2nd period
5. Knights , Josh Bailey 32 (Nathan Walker 8, Collin Miller 11) at 1:34
6. Knights , Josh Bailey 33 (Jonathan Huberdeau 15, Collin Miller 12) at 4:13
7. Senators , Jan Mursak 16 (Keegan Lowe 16) at 10:51 (PP)
Penalties :
Jordan Martinook (Lon) for Roughing (Minor) at 10:33, Scott Harrington (BIN) for Roughing (Double Minor) at 14:21
3rd period
8. Senators , Jan Mursak 17 (Zemgus Girgensons 36, Keegan Lowe 17) at 0:12
9. Senators , Jan Mursak 18 (Matt Frattin 31) at 3:21
10. Knights , Noel Acciari 11 (Jonathan Huberdeau 16, Josh Bailey 29) at 8:41
11. Senators , Grant Besse 10 (Keegan Lowe 18, Blake Coleman 3) at 10:52
12. Knights , Jonathan Huberdeau 9 (Josh Bailey 30, Michael Matheson 10) at 18:47
Penalties :
No Penalty
Overtime #1
No Goal
Penalties :
No Penalty
Shootout
Knights, Nathan Walker - Goal!
Senators, Matt Frattin - Goal!
Knights, Miro Aaltonen - Goal!
Senators, Jan Mursak - Stopped by Magnus Hellberg
Knights, Ryan Strome - Shot Misses the Net
Senators, Andy Andreoff - Goal!
Knights, Noel Acciari - Goal!
Senators, Patrick Maroon - Shot Misses the Net
Penalties :
No Penalty
Goalie Stats
Magnus Hellberg (Lon), 33 saves from 39 shots - (0.846), W, 18-13-4, 64:58 minutes
Justin Peters (BIN), 8 saves from 12 shots - (0.667), 24:13 minutes
Stephon Williams (BIN), 19 saves from 21 shots - (0.905), OTL, 3-3-3, 40:47 minutes
Players Stats for Knights
Player Name G A P +/- PIM S H SB GA TA FO MP PP MP PK MP
------------------------------------------------------------------------------------
Brendan Gaunce 0 0 0 -2 0 2 0 0 1 0 4/9 12:49 0:19 1:01
Collin Miller 0 2 2 0 0 1 0 0 1 1 0/0 22:48 2:23 1:04
Jaccob Slavin 0 1 1 1 0 1 2 1 0 1 0/0 29:55 3:04 1:13
Jonathan Huberdeau 1 2 3 3 0 8 1 0 2 0 0/0 23:30 2:38 0:27
Jordan Martinook 0 0 0 -2 2 0 4 0 0 1 1/1 14:55 0:57 1:07
Josh Bailey 2 2 4 3 0 4 1 1 0 0 2/3 23:38 2:38 0:00
Josh Morrissey 0 1 1 0 2 3 1 3 0 1 0/0 20:13 0:25 0:00
Linden Vey 0 0 0 -2 0 1 1 0 0 0 0/1 14:14 1:00 0:00
Ludwig Bystrom 0 0 0 0 0 0 1 0 1 0 0/0 13:47 0:48 1:13
Matthew Benning 0 0 0 0 0 1 0 0 0 0 0/0 14:02 2:05 0:00
Michael Matheson 0 1 1 1 0 0 1 3 0 1 0/0 29:51 3:11 1:04
Miro Aaltonen 1 1 2 1 0 2 1 2 0 1 7/17 17:23 2:20 0:34
Nathan Walker 0 1 1 -1 0 1 0 0 0 0 0/0 7:42 0:00 0:00
Nicolas Petan 0 0 0 -1 0 0 0 0 0 0 1/3 7:42 0:00 0:00
Nikolaj Ehlers 0 0 0 1 0 1 1 0 0 0 0/0 15:46 2:23 0:21
Noel Acciari 1 0 1 3 0 3 1 0 0 0 20/27 24:22 2:38 0:42
Ryan Strome 1 0 1 1 0 4 3 0 1 0 1/1 15:47 2:23 0:00
Vince Hinostroza 0 0 0 -1 0 1 0 0 0 0 1/1 9:17 0:38 0:22
Players Stats for Senators
Player Name G A P +/- PIM S H SB GA TA FO MP PP MP PK MP
------------------------------------------------------------------------------------
Adam Ollas-Mattsson 0 0 0 -2 0 1 2 0 0 1 0/0 23:39 1:19 2:49
Andy Andreoff 1 0 1 -2 0 4 4 0 0 0 0/1 20:13 0:55 2:09
Blake Coleman 0 1 1 1 0 1 1 0 0 1 2/2 8:15 0:00 0:00
Brett Bulmer 0 0 0 0 0 0 0 0 0 0 0/0 1:38 0:00 0:00
Chandler Stephenson 0 1 1 -2 0 5 0 1 0 0 7/13 15:48 0:55 0:28
Grant Besse 1 0 1 1 0 3 3 0 0 0 0/0 9:06 0:00 0:26
Jake Evans 0 0 0 -2 0 0 0 1 1 0 3/6 11:21 0:00 0:00
Jan Mursak 3 1 4 2 0 4 1 0 0 0 2/3 23:53 1:22 2:47
Keegan Lowe 0 4 4 2 2 2 2 0 0 1 0/0 33:18 0:58 1:45
Mason Geertsen 0 0 0 -3 0 2 0 2 0 1 0/0 26:15 1:19 2:37
Matt Frattin 1 1 2 2 0 5 1 1 2 0 0/3 23:48 1:22 2:42
Maxim Letunov 0 0 0 0 0 0 0 0 0 0 0/0 1:26 0:00 0:00
Michal Repik 0 0 0 -2 0 1 0 0 0 0 1/1 13:35 0:00 1:16
Patrick Maroon 0 0 0 -2 0 4 1 0 2 0 1/1 14:21 0:00 2:02
Pontus Sjalin 0 0 0 0 0 0 0 1 0 0 0/0 15:41 0:00 1:58
Scott Harrington 0 0 0 1 4 2 1 2 1 2 0/0 28:03 0:58 1:17
Tomas Jurco 0 1 1 -2 0 2 1 1 0 0 1/1 15:20 0:55 0:00
Warren Foegele 0 0 0 1 0 0 0 0 0 0 0/0 8:54 0:00 0:39
Zemgus Girgensons 0 1 1 2 0 3 1 0 0 0 9/32 19:26 1:22 0:57
3 Stars
1 - Jan Mursak (BIN)
2 - Josh Bailey (Lon)
3 - Jonathan Huberdeau (Lon)
Power Play
Knights - 0 on 3 Attempt(s) - 0.00%
Senators - 1 on 2 Attempt(s) - 50.00%
Penalty Kill
Knights - 1 on 2 Attempt(s) - 50.00%
- Score 0 goal in Penalty Kill
Senators - 3 on 3 Attempt(s) - 100.00%
- Score 0 goal in Penalty Kill
Team Stat
Knights - Hits : 18 - Faceoff Wins : 37 - Blocked Shots : 10 - Penalty Minutes : 4
Senators - Hits : 18 - Faceoff Wins : 26 - Blocked Shots : 9 - Penalty Minutes : 6
Official
Referees : Unknown
Linesman : Unknown
Game Notes
Stephon Williams enters game at 4:13 of 2nd period
Jan Mursak has scored a Hat Trick!
Finance
Level 1 -- Attendance: 1878 (93.90%) -- Ticket Income $61,974
Level 2 -- Attendance: 970 (97.00%) -- Ticket Income $14,550
Total Attendance: 2848 (94.93%)
Total Ticket Income: $76,524
Other Income: $3,826
Total Income: $80,350
Knights
5 vs 5 Forward
Center Left Wing Right Wing Time % Phy DF OF
1 Noel Acciari Jonathan Huberdeau Josh Bailey 40 1 1 3
2 Miro Aaltonen Nikolaj Ehlers Ryan Strome 30 1 1 3
3 Brendan Gaunce Jordan Martinook Linden Vey 20 0 2 3
4 Nicolas Petan Nathan Walker Vince Hinostroza 10 0 2 3
5 vs 5 Defense
Defense Defense Time % Phy DF OF
1 Jaccob Slavin Michael Matheson 40 1 2 2
2 Collin Miller Josh Morrissey 30 1 2 2
3 Matthew Benning Ludwig Bystrom 20 1 2 2
4 Michael Matheson Jaccob Slavin 10 1 2 2
PowerPlay Forward
Center Left Wing Right Wing Time % Phy DF OF
1 Noel Acciari Jonathan Huberdeau Josh Bailey 60 0 1 4
2 Miro Aaltonen Nikolaj Ehlers Ryan Strome 40 0 1 4
PowerPlay Defense
Defense Defense Time % Phy DF OF
1 Jaccob Slavin Michael Matheson 60 0 1 4
2 Michael Matheson Collin Miller 40 0 1 4
Penalty Kill 4 Players Forward
Center Wing Time % Phy DF OF
1 Noel Acciari Jordan Martinook 60 1 3 1
2 Brendan Gaunce Vince Hinostroza 40 1 3 1
Penalty Kill 4 Players Defense
Defense Defense Time % Phy DF OF
1 Michael Matheson Collin Miller 60 1 3 1
2 Jaccob Slavin Ludwig Bystrom 40 1 3 1
Penalty Kill - 3 Players Forward
Forward Time % Phy DF OF
1 Noel Acciari 60 0 4 1
2 Vince Hinostroza 40 0 4 1
Penalty Kill - 3 Players Defense
Defense Defense Time % Phy DF OF
1 Jaccob Slavin Ludwig Bystrom 60 1 3 1
2 Michael Matheson Collin Miller 40 1 3 1
4 vs 4 Forward
Center Wing Time % Phy DF OF
1 Noel Acciari Josh Bailey 60 1 2 2
2 Miro Aaltonen Jonathan Huberdeau 40 1 2 2
4 vs 4 Defense
Defense Defense Time % Phy DF OF
1 Josh Morrissey Jaccob Slavin 60 1 2 2
2 Michael Matheson Collin Miller 40 1 2 2
Last Minutes Offensive
Center Left Wing Right Wing Defense Defense
Noel Acciari Josh Bailey Ryan Strome Collin Miller Jaccob Slavin
Last Minutes Defensive
Center Left Wing Right Wing Defense Defense
Noel Acciari Jordan Martinook Vince Hinostroza Jaccob Slavin Michael Matheson
Goaltenders
Starting : Magnus Hellberg
Backup : Elvis Merzlikins
Extra Forwards
Normal : Jordan Martinook, Linden Vey, Noel Acciari - PP : Linden Vey, Noel Acciari - PK : Noel Acciari
Extra Defensemen
Normal : Jaccob Slavin, Michael Matheson, Collin Miller - PP : Michael Matheson - PK : Ludwig Bystrom, Michael Matheson
Penalty Shots
Nathan Walker, Miro Aaltonen, Ryan Strome, Noel Acciari, Jonathan Huberdeau
Scratches
Zach Nastasiuk (Healthy), Nicklas Jensen (Healthy), Alan Quine (Healthy), David Shields (Healthy), Trevor Moore (Healthy)
Scott Wilson (Healthy), Curtis Valk (Healthy), Anthony Louis (Healthy), Travis Boyd (Healthy), Fredrik Claesson (Healthy)
Mackenzie MacEachern (Healthy), Valentin Zykov (Healthy), Jayce Hawryluk (Healthy), Nikolay Goldobin (Healthy), Kevin Fiala (Healthy)
A.J. Jenks (Healthy), Ryan Collins (Healthy), William Lagesson (Healthy), Eamon McAdam (Healthy), Philippe Desrosiers (Healthy)
Ville Husso (Healthy)
Senators
5 vs 5 Forward
Center Left Wing Right Wing Time % Phy DF OF
1 Zemgus Girgensons Jan Mursak Matt Frattin 40 1 2 2
2 Chandler Stephenson Andy Andreoff Tomas Jurco 30 1 2 2
3 Jake Evans Patrick Maroon Michal Repik 20 1 2 2
4 Blake Coleman Warren Foegele Grant Besse 10 1 2 2
5 vs 5 Defense
Defense Defense Time % Phy DF OF
1 Keegan Lowe Scott Harrington 40 1 2 2
2 Mason Geertsen Adam Ollas-Mattsson 30 1 2 2
3 Pontus Sjalin Keegan Lowe 20 1 2 2
4 Scott Harrington Mason Geertsen 10 1 2 2
PowerPlay Forward
Center Left Wing Right Wing Time % Phy DF OF
1 Zemgus Girgensons Jan Mursak Matt Frattin 60 1 2 2
2 Chandler Stephenson Andy Andreoff Tomas Jurco 40 1 2 2
PowerPlay Defense
Defense Defense Time % Phy DF OF
1 Keegan Lowe Scott Harrington 60 1 2 2
2 Mason Geertsen Adam Ollas-Mattsson 40 1 2 2
Penalty Kill 4 Players Forward
Center Wing Time % Phy DF OF
1 Matt Frattin Jan Mursak 60 1 2 2
2 Andy Andreoff Patrick Maroon 40 1 2 2
Penalty Kill 4 Players Defense
Defense Defense Time % Phy DF OF
1 Keegan Lowe Scott Harrington 60 1 2 2
2 Mason Geertsen Adam Ollas-Mattsson 40 1 2 2
Penalty Kill - 3 Players Forward
Forward Time % Phy DF OF
1 Matt Frattin 60 1 2 2
2 Jan Mursak 40 1 2 2
Penalty Kill - 3 Players Defense
Defense Defense Time % Phy DF OF
1 Keegan Lowe Scott Harrington 60 1 2 2
2 Mason Geertsen Adam Ollas-Mattsson 40 1 2 2
4 vs 4 Forward
Center Wing Time % Phy DF OF
1 Matt Frattin Jan Mursak 60 1 2 2
2 Andy Andreoff Patrick Maroon 40 1 2 2
4 vs 4 Defense
Defense Defense Time % Phy DF OF
1 Keegan Lowe Scott Harrington 60 1 2 2
2 Mason Geertsen Adam Ollas-Mattsson 40 1 2 2
Last Minutes Offensive
Center Left Wing Right Wing Defense Defense
Zemgus Girgensons Jan Mursak Matt Frattin Keegan Lowe Scott Harrington
Last Minutes Defensive
Center Left Wing Right Wing Defense Defense
Zemgus Girgensons Jan Mursak Matt Frattin Keegan Lowe Scott Harrington
Goaltenders
Starting : Justin Peters
Backup : Stephon Williams
Extra Forwards
Normal : Brett Bulmer, Maxim Letunov, Michal Repik - PP : Brett Bulmer, Maxim Letunov - PK : Michal Repik
Extra Defensemen
Normal : Pontus Sjalin, Adam Ollas-Mattsson, Keegan Lowe - PP : Pontus Sjalin - PK : Adam Ollas-Mattsson, Keegan Lowe
Penalty Shots
Matt Frattin, Jan Mursak, Andy Andreoff, Patrick Maroon, Tomas Jurco
Scratches
Dylan Blujus (Healthy), Nick Foligno (Upper Body Injury), Jack Dougherty (Healthy), Keven Bouchard (Healthy)
% Time on Ice - Knights
Lines # - Real PCT - Wanted PCT - Time Play
Normal Forward
1 - 37% - 40% - 19:18
2 - 26% - 30% - 13:39
3 - 21% - 20% - 11:06
4 - 15% - 10% - 7:42
Normal Defense
1 - 40% - 40% - 20:38
2 - 33% - 30% - 16:51
3 - 23% - 20% - 11:39
4 - 5% - 10% - 2:37
PP Forward
1 - 55% - 60% - 3:16
2 - 45% - 40% - 2:42
PP Defense
1 - 70% - 60% - 4:10
2 - 30% - 40% - 1:48
PK Forward
1 - 84% - 60% - 1:55
2 - 16% - 40% - 0:22
PK Defense
1 - 47% - 60% - 1:04
2 - 53% - 40% - 1:13
PK3 Forward
1 - 0% - 60%
2 - 0% - 40%
PK3 Defense
1 - 0% - 60%
2 - 0% - 40%
44 Forward
1 - 79% - 60% - 3:57
2 - 21% - 40% - 1:03
44 Defense
1 - 53% - 60% - 2:40
2 - 47% - 40% - 2:20
Last Minute Offensive - 0:00
Last Minute Defensive - 0:00
Total
Forward - 65:00
Defense - 65:00
|
% Time on Ice - Senators
Lines # - Real PCT - Wanted PCT - Time Play
Normal Forward
1 - 34% - 40% - 17:37
2 - 28% - 30% - 14:32
3 - 22% - 20% - 11:21
4 - 16% - 10% - 8:15
Normal Defense
1 - 36% - 40% - 18:37
2 - 33% - 30% - 16:59
3 - 23% - 20% - 11:39
4 - 9% - 10% - 4:30
PP Forward
1 - 60% - 60% - 1:22
2 - 40% - 40% - 0:55
PP Defense
1 - 42% - 60% - 0:58
2 - 58% - 40% - 1:19
PK Forward
1 - 78% - 60% - 4:41
2 - 22% - 40% - 1:17
PK Defense
1 - 88% - 60% - 5:16
2 - 12% - 40% - 0:42
PK3 Forward
1 - 0% - 60%
2 - 0% - 40%
PK3 Defense
1 - 0% - 60%
2 - 0% - 40%
44 Forward
1 - 86% - 60% - 4:17
2 - 14% - 40% - 0:43
44 Defense
1 - 60% - 60% - 3:01
2 - 40% - 40% - 1:59
Last Minute Offensive - 0:00
Last Minute Defensive - 0:00
Total
Forward - 65:00
Defense - 65:00
|
Play-by-Play
1st period
0:01 of 1st period - Noel Acciari wins face-off versus Zemgus Girgensons in neutral zone.
0:21 of 1st period - Minor Penalty to Keegan Lowe for Roughing.
0:22 of 1st period - Jan Mursak wins face-off versus Noel Acciari in Senators zone.
2:20 of 1st period - Scott Harrington is hit by Jordan Martinook and loses puck.
2:21 of 1st period - Penalty to Keegan Lowe is over, Keegan Lowe is back on ice.
3:01 of 1st period - Wrist shot by Patrick Maroon.
3:01 of 1st period - Stopped by Magnus Hellberg without a rebound.
3:02 of 1st period - Jake Evans wins face-off versus Nicolas Petan in Knights zone.
3:03 of 1st period - Snap shot by Patrick Maroon.
3:03 of 1st period - Stopped by Magnus Hellberg without a rebound.
3:04 of 1st period - Chandler Stephenson wins face-off versus Nicolas Petan in Knights zone.
3:05 of 1st period - Snap shot by Tomas Jurco.
3:05 of 1st period - Shot Hit the Post.
3:30 of 1st period - Snap shot by Ryan Strome.
3:30 of 1st period - Shot Misses the Net.
3:36 of 1st period - Snap shot by Michal Repik.
3:36 of 1st period - Shot Blocked by Miro Aaltonen.
3:38 of 1st period - Snap shot by Patrick Maroon.
3:38 of 1st period - Stopped by Magnus Hellberg with a rebound.
3:59 of 1st period - Icing by Blake Coleman.
4:00 of 1st period - Blake Coleman wins face-off versus Miro Aaltonen in Senators zone.
4:54 of 1st period - Wrist shot by Patrick Maroon.
4:54 of 1st period - Stopped by Magnus Hellberg with a rebound.
4:56 of 1st period - Snap shot by Michal Repik.
4:56 of 1st period - Shot Misses the Net.
4:58 of 1st period - Slapshot by Mason Geertsen.
4:58 of 1st period - Stopped by Magnus Hellberg with a rebound.
5:35 of 1st period - Nikolaj Ehlers is hit by Andy Andreoff and loses puck.
5:44 of 1st period - Andy Andreoff is hit by Ryan Strome and loses puck.
6:05 of 1st period - Snap shot by Grant Besse.
6:05 of 1st period - Deflect By Blake Coleman.
6:05 of 1st period - Stopped by Magnus Hellberg with a rebound.
6:07 of 1st period - Wrist shot by Warren Foegele.
6:07 of 1st period - Shot Misses the Net.
6:24 of 1st period - Icing by Scott Harrington.
6:25 of 1st period - Jake Evans wins face-off versus Miro Aaltonen in Senators zone.
6:35 of 1st period - Wrist shot by Miro Aaltonen.
6:35 of 1st period - Goal by Miro Aaltonen - Knights : 1 - Senators : 0.
6:36 of 1st period - Noel Acciari wins face-off versus Zemgus Girgensons in neutral zone.
6:49 of 1st period - Slapshot by Josh Bailey.
6:49 of 1st period - Stopped by Justin Peters without a rebound.
6:50 of 1st period - Noel Acciari wins face-off versus Zemgus Girgensons in Senators zone.
7:33 of 1st period - Snap shot by Noel Acciari.
7:33 of 1st period - Stopped by Justin Peters with a rebound.
7:41 of 1st period - Jonathan Huberdeau is hit by Patrick Maroon and loses puck.
8:06 of 1st period - Snap shot by Michal Repik.
8:06 of 1st period - Shot Misses the Net.
8:08 of 1st period - Snap shot by Michal Repik.
8:08 of 1st period - Shot Blocked by Josh Bailey.
8:10 of 1st period - Slapshot by Keegan Lowe.
8:10 of 1st period - Shot Misses the Net.
8:12 of 1st period - Snap shot by Patrick Maroon.
8:12 of 1st period - Shot Misses the Net.
8:14 of 1st period - Slapshot by Patrick Maroon.
8:14 of 1st period - Shot Hit the Post.
8:25 of 1st period - Minor Penalty to Josh Morrissey for Hooking.
8:26 of 1st period - Brendan Gaunce wins face-off versus Zemgus Girgensons in Knights zone.
8:31 of 1st period - Icing by Zemgus Girgensons.
8:32 of 1st period - Zemgus Girgensons wins face-off versus Brendan Gaunce in Senators zone.
10:25 of 1st period - Penalty to Josh Morrissey is over, Josh Morrissey is back on ice.
10:25 of 1st period - Tomas Jurco is hit by Miro Aaltonen and loses puck.
10:32 of 1st period - Vince Hinostroza is hit by Tomas Jurco and loses puck.
10:47 of 1st period - Snap shot by Collin Miller.
10:47 of 1st period - Shot Blocked by Jake Evans.
11:39 of 1st period - Slapshot by Ryan Strome.
11:39 of 1st period - Stopped by Justin Peters without a rebound.
11:40 of 1st period - Nicolas Petan wins face-off versus Zemgus Girgensons in Senators zone.
12:14 of 1st period - Jonathan Huberdeau is hit by Grant Besse and loses puck.
12:23 of 1st period - Wrist shot by Grant Besse.
12:23 of 1st period - Stopped by Magnus Hellberg without a rebound.
12:24 of 1st period - Miro Aaltonen wins face-off versus Zemgus Girgensons in Knights zone.
12:54 of 1st period - Jordan Martinook is hit by Andy Andreoff and loses puck.
12:59 of 1st period - Slapshot by Tomas Jurco.
12:59 of 1st period - Shot Misses the Net.
13:01 of 1st period - Slapshot by Keegan Lowe.
13:01 of 1st period - Stopped by Magnus Hellberg with a rebound.
13:23 of 1st period - Snap shot by Patrick Maroon.
13:23 of 1st period - Shot Misses the Net.
13:35 of 1st period - Grant Besse is hit by Josh Morrissey and loses puck.
14:13 of 1st period - Nathan Walker is hit by Andy Andreoff and loses puck.
14:20 of 1st period - Slapshot by Chandler Stephenson.
14:20 of 1st period - Stopped by Magnus Hellberg with a rebound.
14:22 of 1st period - Snap shot by Tomas Jurco.
14:22 of 1st period - Stopped by Magnus Hellberg without a rebound.
14:23 of 1st period - Josh Bailey wins face-off versus Zemgus Girgensons in Knights zone.
14:23 of 1st period - Josh Bailey is hit by Keegan Lowe.
14:38 of 1st period - Off-side.
14:39 of 1st period - Chandler Stephenson wins face-off versus Miro Aaltonen in neutral zone.
14:42 of 1st period - Slapshot by Keegan Lowe.
14:42 of 1st period - Shot Blocked by Miro Aaltonen.
14:44 of 1st period - Snap shot by Andy Andreoff.
14:44 of 1st period - Goal by Andy Andreoff - Knights : 1 - Senators : 1.
14:45 of 1st period - Ryan Strome wins face-off versus Jan Mursak in neutral zone.
15:31 of 1st period - Slapshot by Miro Aaltonen.
15:31 of 1st period - Deflect By Ryan Strome.
15:31 of 1st period - Shot Misses the Net.
15:31 of 1st period - Puck is out of play.
15:32 of 1st period - Noel Acciari wins face-off versus Zemgus Girgensons in Senators zone.
16:18 of 1st period - Slapshot by Nathan Walker.
16:18 of 1st period - Stopped by Justin Peters with a rebound.
16:45 of 1st period - Icing by Zemgus Girgensons.
16:46 of 1st period - Zemgus Girgensons wins face-off versus Miro Aaltonen in Senators zone.
17:08 of 1st period - Icing by Zemgus Girgensons.
17:09 of 1st period - Zemgus Girgensons wins face-off versus Noel Acciari in Senators zone.
18:34 of 1st period - Wrist shot by Jonathan Huberdeau.
18:34 of 1st period - Stopped by Justin Peters with a rebound.
18:58 of 1st period - Snap shot by Matt Frattin.
18:58 of 1st period - Stopped by Magnus Hellberg with a rebound.
19:00 of 1st period - Wrist shot by Matt Frattin.
19:00 of 1st period - Goal by Matt Frattin - Knights : 1 - Senators : 2.
19:01 of 1st period - Noel Acciari wins face-off versus Zemgus Girgensons in neutral zone.
19:14 of 1st period - Snap shot by Matt Frattin.
19:14 of 1st period - Stopped by Magnus Hellberg with a rebound.
19:16 of 1st period - Slapshot by Zemgus Girgensons.
19:16 of 1st period - Stopped by Magnus Hellberg with a rebound.
19:28 of 1st period - Scott Harrington is hit by Ryan Strome and loses puck.
19:35 of 1st period - Wrist shot by Miro Aaltonen.
19:35 of 1st period - Shot Misses the Net.
19:37 of 1st period - Snap shot by Ryan Strome.
19:37 of 1st period - Goal by Ryan Strome - Knights : 2 - Senators : 2.
19:38 of 1st period - Noel Acciari wins face-off versus Zemgus Girgensons in neutral zone.
19:43 of 1st period - Snap shot by Jonathan Huberdeau.
19:43 of 1st period - Stopped by Justin Peters without a rebound.
19:44 of 1st period - Josh Bailey wins face-off versus Zemgus Girgensons in Senators zone.
19:59 of 1st period - Slapshot by Noel Acciari.
19:59 of 1st period - Shot Blocked by Matt Frattin.
Goals for this period are 2 for Knights vs 2 for Senators.
Shots for this period are 8 for Knights vs 15 for Senators.
2nd period
0:01 of 2nd period - Noel Acciari wins face-off versus Zemgus Girgensons in neutral zone.
1:20 of 2nd period - Snap shot by Tomas Jurco.
1:20 of 2nd period - Stopped by Magnus Hellberg with a rebound.
1:32 of 2nd period - Snap shot by Nathan Walker.
1:32 of 2nd period - Shot Blocked by Mason Geertsen.
1:34 of 2nd period - Snap shot by Josh Bailey.
1:34 of 2nd period - Goal by Josh Bailey - Knights : 3 - Senators : 2.
1:35 of 2nd period - Noel Acciari wins face-off versus Chandler Stephenson in neutral zone.
1:48 of 2nd period - Slapshot by Chandler Stephenson.
1:48 of 2nd period - Stopped by Magnus Hellberg without a rebound.
1:49 of 2nd period - Chandler Stephenson wins face-off versus Miro Aaltonen in Knights zone.
2:00 of 2nd period - Wrist shot by Andy Andreoff.
2:00 of 2nd period - Stopped by Magnus Hellberg with a rebound.
2:02 of 2nd period - Wrist shot by Chandler Stephenson.
2:02 of 2nd period - Stopped by Magnus Hellberg without a rebound.
2:03 of 2nd period - Noel Acciari wins face-off versus Zemgus Girgensons in Knights zone.
2:27 of 2nd period - Icing by Josh Bailey.
2:28 of 2nd period - Miro Aaltonen wins face-off versus Andy Andreoff in Knights zone.
2:33 of 2nd period - Slapshot by Michael Matheson.
2:33 of 2nd period - Shot Misses the Net.
2:35 of 2nd period - Snap shot by Ryan Strome.
2:35 of 2nd period - Stopped by Justin Peters without a rebound.
2:36 of 2nd period - Brendan Gaunce wins face-off versus Zemgus Girgensons in Senators zone.
3:03 of 2nd period - Tomas Jurco is hit by Noel Acciari and loses puck.
3:08 of 2nd period - Slapshot by Jonathan Huberdeau.
3:08 of 2nd period - Shot Misses the Net.
4:09 of 2nd period - Slapshot by Collin Miller.
4:09 of 2nd period - Deflect By Jan Mursak.
4:09 of 2nd period - Stopped by Justin Peters with a rebound.
4:11 of 2nd period - Wrist shot by Jonathan Huberdeau.
4:11 of 2nd period - Shot Misses the Net.
4:13 of 2nd period - Snap shot by Josh Bailey.
4:13 of 2nd period - Goal by Josh Bailey - Knights : 4 - Senators : 2.
4:13 of 2nd period - Stephon Williams enters game.
4:14 of 2nd period - Jan Mursak wins face-off versus Noel Acciari in neutral zone.
4:40 of 2nd period - Mason Geertsen is hit by Nikolaj Ehlers.
5:07 of 2nd period - Patrick Maroon is hit by Linden Vey and loses puck.
5:54 of 2nd period - Slapshot by Jan Mursak.
5:54 of 2nd period - Shot Misses the Net.
5:56 of 2nd period - Slapshot by Mason Geertsen.
5:56 of 2nd period - Deflect By Zemgus Girgensons.
5:56 of 2nd period - Stopped by Magnus Hellberg with a rebound.
6:11 of 2nd period - Snap shot by Miro Aaltonen.
6:11 of 2nd period - Shot Misses the Net.
6:13 of 2nd period - Slapshot by Michael Matheson.
6:13 of 2nd period - Shot Blocked by Tomas Jurco.
6:36 of 2nd period - Slapshot by Brendan Gaunce.
6:36 of 2nd period - Shot Misses the Net.
7:10 of 2nd period - Nicolas Petan is hit by Blake Coleman and loses puck.
7:43 of 2nd period - Slapshot by Brendan Gaunce.
7:43 of 2nd period - Shot Misses the Net.
8:01 of 2nd period - Michal Repik is hit by Josh Bailey.
8:13 of 2nd period - Slapshot by Jake Evans.
8:13 of 2nd period - Deflect By Patrick Maroon.
8:13 of 2nd period - Shot Blocked by Michael Matheson.
8:13 of 2nd period - Puck is out of play.
8:14 of 2nd period - Zemgus Girgensons wins face-off versus Miro Aaltonen in Knights zone.
8:23 of 2nd period - Ryan Strome is hit by Jan Mursak and loses puck.
8:51 of 2nd period - Michael Matheson is hit by Zemgus Girgensons and loses puck.
9:27 of 2nd period - Icing by Josh Bailey.
9:28 of 2nd period - Noel Acciari wins face-off versus Chandler Stephenson in Knights zone.
10:27 of 2nd period - Icing by Warren Foegele.
10:28 of 2nd period - Blake Coleman wins face-off versus Brendan Gaunce in Senators zone.
10:28 of 2nd period - Blake Coleman is hit by Jordan Martinook.
10:33 of 2nd period - Minor Penalty to Jordan Martinook for Roughing.
10:34 of 2nd period - Noel Acciari wins face-off versus Zemgus Girgensons in Knights zone.
10:39 of 2nd period - Icing by Jan Mursak.
10:40 of 2nd period - Noel Acciari wins face-off versus Zemgus Girgensons in Senators zone.
10:51 of 2nd period - Snap shot by Jan Mursak.
10:51 of 2nd period - Goal by Jan Mursak - Knights : 4 - Senators : 3.
10:52 of 2nd period - Noel Acciari wins face-off versus Zemgus Girgensons in neutral zone.
11:07 of 2nd period - Snap shot by Matt Frattin.
11:07 of 2nd period - Stopped by Magnus Hellberg without a rebound.
11:08 of 2nd period - Miro Aaltonen wins face-off versus Chandler Stephenson in Knights zone.
11:42 of 2nd period - Snap shot by Josh Bailey.
11:42 of 2nd period - Shot Misses the Net.
12:22 of 2nd period - Wrist shot by Andy Andreoff.
12:22 of 2nd period - Stopped by Magnus Hellberg with a rebound.
12:24 of 2nd period - Slapshot by Andy Andreoff.
12:24 of 2nd period - Shot Misses the Net.
12:26 of 2nd period - Slapshot by Adam Ollas-Mattsson.
12:26 of 2nd period - Stopped by Magnus Hellberg with a rebound.
12:50 of 2nd period - Nathan Walker is hit by Adam Ollas-Mattsson and loses puck.
13:03 of 2nd period - Snap shot by Jonathan Huberdeau.
13:03 of 2nd period - Stopped by Stephon Williams with a rebound.
13:05 of 2nd period - Snap shot by Jonathan Huberdeau.
13:05 of 2nd period - Shot Hit the Post.
13:07 of 2nd period - Wrist shot by Josh Bailey.
13:07 of 2nd period - Stopped by Stephon Williams without a rebound.
13:08 of 2nd period - Noel Acciari wins face-off versus Zemgus Girgensons in Senators zone.
13:45 of 2nd period - Snap shot by Miro Aaltonen.
13:45 of 2nd period - Shot Misses the Net.
14:06 of 2nd period - Wrist shot by Grant Besse.
14:06 of 2nd period - Shot Blocked by Josh Morrissey.
14:08 of 2nd period - Wrist shot by Mason Geertsen.
14:08 of 2nd period - Shot Misses the Net.
14:10 of 2nd period - Snap shot by Blake Coleman.
14:10 of 2nd period - Shot Misses the Net.
14:12 of 2nd period - Slapshot by Mason Geertsen.
14:12 of 2nd period - Stopped by Magnus Hellberg without a rebound.
14:13 of 2nd period - Brendan Gaunce wins face-off versus Zemgus Girgensons in Knights zone.
14:21 of 2nd period - Double Minor Penalty to Scott Harrington for Roughing.
14:22 of 2nd period - Noel Acciari wins face-off versus Matt Frattin in Senators zone.
16:38 of 2nd period - Snap shot by Jordan Martinook.
16:38 of 2nd period - Shot Blocked by Pontus Sjalin.
16:40 of 2nd period - Slapshot by Vince Hinostroza.
16:40 of 2nd period - Stopped by Stephon Williams with a rebound.
18:21 of 2nd period - Penalty to Scott Harrington is over, Scott Harrington is back on ice.
19:45 of 2nd period - Josh Morrissey is hit by Matt Frattin and loses puck.
Goals for this period are 2 for Knights vs 1 for Senators.
Shots for this period are 7 for Knights vs 10 for Senators.
3rd period
0:01 of 3rd period - Zemgus Girgensons wins face-off versus Noel Acciari in neutral zone.
0:06 of 3rd period - Snap shot by Jan Mursak.
0:06 of 3rd period - Stopped by Magnus Hellberg with a rebound.
0:08 of 3rd period - Slapshot by Scott Harrington.
0:08 of 3rd period - Deflect By Jonathan Huberdeau.
0:08 of 3rd period - Stopped by Magnus Hellberg with a rebound.
0:10 of 3rd period - Slapshot by Keegan Lowe.
0:10 of 3rd period - Deflect By Zemgus Girgensons.
0:10 of 3rd period - Stopped by Magnus Hellberg with a rebound.
0:12 of 3rd period - Snap shot by Jan Mursak.
0:12 of 3rd period - Goal by Jan Mursak - Knights : 4 - Senators : 4.
0:13 of 3rd period - Noel Acciari wins face-off versus Zemgus Girgensons in neutral zone.
0:52 of 3rd period - Snap shot by Michal Repik.
0:52 of 3rd period - Shot Misses the Net.
1:06 of 3rd period - Snap shot by Chandler Stephenson.
1:06 of 3rd period - Stopped by Magnus Hellberg with a rebound.
1:08 of 3rd period - Snap shot by Chandler Stephenson.
1:08 of 3rd period - Shot Blocked by Jaccob Slavin.
1:24 of 3rd period - Slapshot by Nikolaj Ehlers.
1:24 of 3rd period - Stopped by Stephon Williams with a rebound.
2:06 of 3rd period - Icing by Brendan Gaunce.
2:07 of 3rd period - Jake Evans wins face-off versus Brendan Gaunce in Knights zone.
2:20 of 3rd period - Snap shot by Tomas Jurco.
2:20 of 3rd period - Shot Blocked by Josh Morrissey.
2:22 of 3rd period - Slapshot by Chandler Stephenson.
2:22 of 3rd period - Stopped by Magnus Hellberg with a rebound.
3:21 of 3rd period - Slapshot by Jan Mursak.
3:21 of 3rd period - Goal by Jan Mursak - Knights : 4 - Senators : 5.
3:22 of 3rd period - Chandler Stephenson wins face-off versus Noel Acciari in neutral zone.
4:12 of 3rd period - Slapshot by Patrick Maroon.
4:12 of 3rd period - Shot Misses the Net.
5:37 of 3rd period - Icing by Jake Evans.
5:38 of 3rd period - Vince Hinostroza wins face-off versus Jake Evans in Senators zone.
5:57 of 3rd period - Pontus Sjalin is hit by Jaccob Slavin and loses puck.
6:06 of 3rd period - Snap shot by Michal Repik.
6:06 of 3rd period - Stopped by Magnus Hellberg without a rebound.
6:07 of 3rd period - Miro Aaltonen wins face-off versus Zemgus Girgensons in Knights zone.
6:14 of 3rd period - Wrist shot by Ludwig Bystrom.
6:14 of 3rd period - Shot Blocked by Scott Harrington.
6:16 of 3rd period - Slapshot by Matthew Benning.
6:16 of 3rd period - Stopped by Stephon Williams without a rebound.
6:17 of 3rd period - Zemgus Girgensons wins face-off versus Miro Aaltonen in Senators zone.
6:34 of 3rd period - Snap shot by Miro Aaltonen.
6:34 of 3rd period - Stopped by Stephon Williams with a rebound.
6:36 of 3rd period - Snap shot by Ludwig Bystrom.
6:36 of 3rd period - Deflect By Ryan Strome.
6:36 of 3rd period - Shot Blocked by Scott Harrington.
6:36 of 3rd period - Puck is out of play.
6:37 of 3rd period - Chandler Stephenson wins face-off versus Brendan Gaunce in Senators zone.
6:42 of 3rd period - Slapshot by Keegan Lowe.
6:42 of 3rd period - Shot Blocked by Michael Matheson.
7:09 of 3rd period - Slapshot by Miro Aaltonen.
7:09 of 3rd period - Shot Misses the Net.
8:05 of 3rd period - Off-side.
8:06 of 3rd period - Brendan Gaunce wins face-off versus Chandler Stephenson in neutral zone.
8:11 of 3rd period - Slapshot by Jaccob Slavin.
8:11 of 3rd period - Shot Blocked by Chandler Stephenson.
8:39 of 3rd period - Slapshot by Jonathan Huberdeau.
8:39 of 3rd period - Shot Misses the Net.
8:41 of 3rd period - Backhand shot by Noel Acciari.
8:41 of 3rd period - Goal by Noel Acciari - Knights : 5 - Senators : 5.
8:42 of 3rd period - Zemgus Girgensons wins face-off versus Miro Aaltonen in neutral zone.
9:36 of 3rd period - Snap shot by Michal Repik.
9:36 of 3rd period - Shot Blocked by Michael Matheson.
9:50 of 3rd period - Vince Hinostroza is hit by Grant Besse and loses puck.
9:55 of 3rd period - Slapshot by Grant Besse.
9:55 of 3rd period - Stopped by Magnus Hellberg without a rebound.
9:56 of 3rd period - Miro Aaltonen wins face-off versus Zemgus Girgensons in Knights zone.
10:03 of 3rd period - Snap shot by Ryan Strome.
10:03 of 3rd period - Shot Misses the Net.
10:43 of 3rd period - Josh Morrissey is hit by Grant Besse and loses puck.
10:50 of 3rd period - Slapshot by Grant Besse.
10:50 of 3rd period - Shot Misses the Net.
10:52 of 3rd period - Slapshot by Keegan Lowe.
10:52 of 3rd period - Deflect By Grant Besse.
10:52 of 3rd period - Goal by Grant Besse - Knights : 5 - Senators : 6.
10:53 of 3rd period - Zemgus Girgensons wins face-off versus Miro Aaltonen in neutral zone.
11:07 of 3rd period - Snap shot by Jaccob Slavin.
11:07 of 3rd period - Stopped by Stephon Williams without a rebound.
11:08 of 3rd period - Chandler Stephenson wins face-off versus Noel Acciari in Senators zone.
12:04 of 3rd period - Wrist shot by Linden Vey.
12:04 of 3rd period - Stopped by Stephon Williams with a rebound.
12:06 of 3rd period - Slapshot by Josh Morrissey.
12:06 of 3rd period - Stopped by Stephon Williams with a rebound.
12:08 of 3rd period - Slapshot by Josh Morrissey.
12:08 of 3rd period - Stopped by Stephon Williams without a rebound.
12:09 of 3rd period - Noel Acciari wins face-off versus Chandler Stephenson in Senators zone.
12:10 of 3rd period - Snap shot by Jonathan Huberdeau.
12:10 of 3rd period - Stopped by Stephon Williams with a rebound.
12:12 of 3rd period - Snap shot by Noel Acciari.
12:12 of 3rd period - Stopped by Stephon Williams without a rebound.
12:13 of 3rd period - Chandler Stephenson wins face-off versus Josh Bailey in Senators zone.
12:40 of 3rd period - Adam Ollas-Mattsson is hit by Jordan Martinook and loses puck.
12:51 of 3rd period - Wrist shot by Brendan Gaunce.
12:51 of 3rd period - Stopped by Stephon Williams without a rebound.
12:52 of 3rd period - Miro Aaltonen wins face-off versus Zemgus Girgensons in Senators zone.
12:53 of 3rd period - Wrist shot by Nikolaj Ehlers.
12:53 of 3rd period - Shot Misses the Net.
12:55 of 3rd period - Snap shot by Nikolaj Ehlers.
12:55 of 3rd period - Deflect By Ryan Strome.
12:55 of 3rd period - Shot Misses the Net.
12:55 of 3rd period - Puck is out of play.
12:56 of 3rd period - Zemgus Girgensons wins face-off versus Miro Aaltonen in Senators zone.
13:35 of 3rd period - Off-side.
13:36 of 3rd period - Tomas Jurco wins face-off versus Noel Acciari in neutral zone.
14:01 of 3rd period - Adam Ollas-Mattsson is hit by Ryan Strome and loses puck.
14:28 of 3rd period - Wrist shot by Brendan Gaunce.
14:28 of 3rd period - Shot Blocked by Mason Geertsen.
14:30 of 3rd period - Snap shot by Brendan Gaunce.
14:30 of 3rd period - Stopped by Stephon Williams with a rebound.
14:32 of 3rd period - Wrist shot by Michael Matheson.
14:32 of 3rd period - Shot Misses the Net.
14:34 of 3rd period - Snap shot by Jordan Martinook.
14:34 of 3rd period - Shot Misses the Net.
14:56 of 3rd period - Snap shot by Jan Mursak.
14:56 of 3rd period - Shot Misses the Net.
14:58 of 3rd period - Slapshot by Mason Geertsen.
14:58 of 3rd period - Deflect By Zemgus Girgensons.
14:58 of 3rd period - Shot Misses the Net.
14:58 of 3rd period - Puck is out of play.
14:59 of 3rd period - Noel Acciari wins face-off versus Chandler Stephenson in Knights zone.
15:08 of 3rd period - Wrist shot by Chandler Stephenson.
15:08 of 3rd period - Shot Misses the Net.
16:36 of 3rd period - Snap shot by Ryan Strome.
16:36 of 3rd period - Stopped by Stephon Williams without a rebound.
16:37 of 3rd period - Miro Aaltonen wins face-off versus Jake Evans in Senators zone.
16:46 of 3rd period - Nikolaj Ehlers is hit by Keegan Lowe.
17:24 of 3rd period - Pontus Sjalin is hit by Ludwig Bystrom and loses puck.
17:33 of 3rd period - Slapshot by Jonathan Huberdeau.
17:33 of 3rd period - Shot Misses the Net.
18:31 of 3rd period - Snap shot by Matt Frattin.
18:31 of 3rd period - Stopped by Magnus Hellberg with a rebound.
18:45 of 3rd period - Knights, Magnus Hellberg is pulled from the net.
18:47 of 3rd period - Snap shot by Jonathan Huberdeau.
18:47 of 3rd period - Goal by Jonathan Huberdeau - Knights : 6 - Senators : 6.
18:47 of 3rd period - Magnus Hellberg from Knights was sent back in the game.
18:48 of 3rd period - Jordan Martinook wins face-off versus Jake Evans in neutral zone.
18:55 of 3rd period - Icing by Adam Ollas-Mattsson.
18:56 of 3rd period - Patrick Maroon wins face-off versus Brendan Gaunce in Senators zone.
19:25 of 3rd period - Wrist shot by Tomas Jurco.
19:25 of 3rd period - Shot Blocked by Josh Morrissey.
19:59 of 3rd period - Keegan Lowe is hit by Jordan Martinook and loses puck.
Goals for this period are 2 for Knights vs 3 for Senators.
Shots for this period are 14 for Knights vs 11 for Senators.
Overtime #1
0:01 of 1st overtime period - Noel Acciari wins face-off versus Matt Frattin in neutral zone.
0:38 of 1st overtime period - Wrist shot by Keegan Lowe.
0:38 of 1st overtime period - Stopped by Magnus Hellberg with a rebound.
1:12 of 1st overtime period - Patrick Maroon is hit by Jaccob Slavin and loses puck.
1:17 of 1st overtime period - Snap shot by Jonathan Huberdeau.
1:17 of 1st overtime period - Deflect By Andy Andreoff.
1:17 of 1st overtime period - Stopped by Stephon Williams with a rebound.
1:23 of 1st overtime period - Michael Matheson is hit by Andy Andreoff and loses puck.
1:57 of 1st overtime period - Brett Bulmer is hit by Michael Matheson and loses puck.
2:19 of 1st overtime period - Snap shot by Andy Andreoff.
2:19 of 1st overtime period - Stopped by Magnus Hellberg without a rebound.
2:20 of 1st overtime period - Michal Repik wins face-off versus Linden Vey in Knights zone.
3:25 of 1st overtime period - Linden Vey is hit by Scott Harrington and loses puck.
3:30 of 1st overtime period - Slapshot by Scott Harrington.
3:30 of 1st overtime period - Stopped by Magnus Hellberg with a rebound.
3:48 of 1st overtime period - Wrist shot by Jonathan Huberdeau.
3:48 of 1st overtime period - Stopped by Stephon Williams with a rebound.
3:50 of 1st overtime period - Backhand shot by Jonathan Huberdeau.
3:50 of 1st overtime period - Stopped by Stephon Williams with a rebound.
3:52 of 1st overtime period - Backhand shot by Jaccob Slavin.
3:52 of 1st overtime period - Shot Misses the Net.
3:54 of 1st overtime period - Slapshot by Josh Morrissey.
3:54 of 1st overtime period - Stopped by Stephon Williams without a rebound.
3:55 of 1st overtime period - Noel Acciari wins face-off versus Matt Frattin in Senators zone.
4:29 of 1st overtime period - Andy Andreoff is hit by Jonathan Huberdeau and loses puck.
4:57 of 1st overtime period - Noel Acciari is hit by Adam Ollas-Mattsson and loses puck.
Goals for this period are 0 for Knights vs 0 for Senators.
Shots for this period are 4 for Knights vs 3 for Senators.
ShootOut
5:00 of 1st overtime period - Round #1.
5:00 of 1st overtime period - Knights, Nathan Walker.
5:00 of 1st overtime period - Snap shot by Nathan Walker.
5:00 of 1st overtime period - Goal by Nathan Walker.
5:00 of 1st overtime period - Senators, Matt Frattin.
5:00 of 1st overtime period - Snap shot by Matt Frattin.
5:00 of 1st overtime period - Goal by Matt Frattin.
5:00 of 1st overtime period - Round #2.
5:00 of 1st overtime period - Knights, Miro Aaltonen.
5:00 of 1st overtime period - Snap shot by Miro Aaltonen.
5:00 of 1st overtime period - Goal by Miro Aaltonen.
5:00 of 1st overtime period - Senators, Jan Mursak.
5:00 of 1st overtime period - Wrist shot by Jan Mursak.
5:00 of 1st overtime period - Stopped by Magnus Hellberg.
5:00 of 1st overtime period - Round #3.
5:00 of 1st overtime period - Knights, Ryan Strome.
5:00 of 1st overtime period - Backhand shot by Ryan Strome.
5:00 of 1st overtime period - Shot Misses the Net.
5:00 of 1st overtime period - Senators, Andy Andreoff.
5:00 of 1st overtime period - Wrist shot by Andy Andreoff.
5:00 of 1st overtime period - Goal by Andy Andreoff.
5:00 of 1st overtime period - Round #4.
5:00 of 1st overtime period - Knights, Noel Acciari.
5:00 of 1st overtime period - Backhand shot by Noel Acciari.
5:00 of 1st overtime period - Goal by Noel Acciari.
5:00 of 1st overtime period - Senators, Patrick Maroon.
5:00 of 1st overtime period - Snap shot by Patrick Maroon.
5:00 of 1st overtime period - Shot Misses the Net.
Back to the Top